 Dungeon Crawl Stone Soup version 0.22.1-1-ga44c0e5 (webtiles) character file.

65 dohliylev the Vexing (level 3, -10/27 HPs)
             Began as a Vampire Enchanter on Sept 20, 2018.
             Mangled by a worm (11 damage)
             ... on level 3 of the Dungeon.
             The game lasted 00:06:14 (1978 turns).

dohliylev the Vexing (Vampire Enchanter)            Turns: 1978, Time: 00:06:15

Health: -10/27     AC:  3    Str:  7    XL:     3   Next: 92%
Magic:  2/6        EV: 13    Int: 18    God:
Gold:   77         SH:  0    Dex: 14    Spells: 3/6 levels left

rFire    . . .     SeeInvis +   a - +1 dagger
rCold    . . .     Gourm    .   (no shield)
rNeg     + . .     Faith    .   b - +0 robe
rPois    .         Spirit   .   (no helmet)
rElec    .         Reflect  .   (no cloak)
rCorr    .         Harm     .   m - +0 pair of gloves
MR       .....                  (no boots)
Stlth    +++.......             (no amulet)
HPRegen  0.09/turn              (no ring)
MPRegen  0.10/turn              (no ring)

@: no status effects
A: fangs 3, see invisible, unbreathing
a: Bat Form


You were on level 3 of the Dungeon.
You were not thirsty.

You visited 1 branch of the dungeon, and saw 3 of its levels.

You collected 77 gold pieces.

Inventory:

Hand Weapons
 a - a +1 dagger (weapon)
Armour
 b - a +0 robe (worn)
 m - a +0 pair of gloves (worn)
Scrolls
 f - a scroll of magic mapping {unknown}
 g - a scroll of blinking {unknown}
 h - a scroll of enchant weapon {unknown}
 l - a scroll of identify {unknown}
 o - 2 scrolls of remove curse {unknown}
 q - a scroll of teleportation {unknown}
Potions
 c - 3 potions of heal wounds {unknown}
 d - 12 potions of blood
 e - 2 potions of flight {unknown}
 i - a potion of magic {unknown}
 j - a potion of haste {unknown}
 k - 2 potions of curing {unknown}
 n - a potion of lignification {unknown}
 p - 2 potions of berserk rage {unknown}
 r - a potion of resistance {unknown}


   Skills:
 - Level 2.0 Fighting
 + Level 2.4 Short Blades
 + Level 2.9 Dodging
 - Level 4.4 Stealth
 - Level 2.0 Spellcasting
 - Level 4.4 Hexes


You had 3 spell levels left.
You knew the following spells:

 Your Spells              Type           Power        Failure   Level  Hunger
a - Corona                Hex            ###....      3%          1    #......
b - Ensorcelled Hibernat  Hex/Ice        #.....       11%         2    ###....

Your spell library contained the following spells:

 Spells                   Type           Power        Failure   Level  Hunger
 Confusing Touch          Hex            ###...       3%          1    #......
 Confuse                  Hex            ###.....     9%          3    ###....
 Tukima's Dance           Hex            ###.....     9%          3    ###....
 Animate Skeleton         Necr           N/A          19%         1    #......
 Apportation              Tloc           #.....       19%         1    #......
 Summon Small Mammal      Summ           #...         19%         1    #......
 Dazzling Spray           Conj/Hex       #.....       22%         3    ###....


Dungeon Overview and Level Annotations

Branches:
Dungeon (3/15)

Altars:
Kikubaaqudgha


Innate Abilities, Weirdness & Mutations

You have razor-sharp teeth.
You have supernaturally acute eyesight. (SInv)
You can survive without breathing.


Message History

You hit the kobold but do no damage. The kobold closely misses you.
You closely miss the kobold. The kobold hits you.
* * * LOW HITPOINT WARNING * * *
You hit the kobold.
You kill the kobold!
Casting: Ensorcelled Hibernation (safe; 11% risk of failure)
Confirm with . or Enter, or press ? or * to list all spells.
Aiming: Ensorcelled Hibernation (safe; 11% risk of failure)
Press: ? - help, Shift-Dir - straight line, f - worm
Aim: a worm (chance to defeat MR: 50%)
The worm resists with some effort.
The worm misses you.
Found 17 gold pieces. 2 gnolls come into view.
A gnoll comes into view. It is wielding a halberd.
The gnoll shouts! x2
The gnoll hits you from afar with a spear!
* * * LOW HITPOINT WARNING * * *
A gnoll comes into view. It is wielding a whip.
The worm bites you!
You die...

#...# ##....#....# #.#.
#...# #....#....###.#.
#...# #....#.......<..
#...# #.........###.#.
#...# ##.w..#+#.###.#.
#...# #....#.#.##....
####>.....<##..##
########................
...g...@w####......#.###
.....g...# #......#.# #
.........# #......#.# #
......$..# ########.# #
..g......# #.. .
g........# ### #
##########


You could see a worm and 4 gnolls.

Vanquished Creatures
  An adder (D:3)
  A worm (D:3)
  A dart slug (D:1)
  8 bats
  3 giant cockroaches
  4 goblins
  9 hobgoblins
  2 jackals (D:3)
  2 ball pythons
  7 frilled lizards
  4 kobolds
  8 rats
50 creatures vanquished.

Notes
Turn   | Place    | Note
-------+----------+-------------------------------------------
     0 | D:1      | dohliylev the Vampire Enchanter began the quest for the
                  | Orb.
     0 | D:1      | Reached XP level 1. HP: 13/13 MP: 3/3
   187 | D:1      | Reached skill level 1 in Fighting
   198 | D:1      | Reached XP level 2. HP: 21/21 MP: 5/5
   202 | D:1      | Learned a level 2 spell: Ensorcelled Hibernation
  1210 | D:2      | Reached XP level 3. HP: 25/26 MP: 6/6
  1530 | D:2      | Found an ancient bone altar of Kikubaaqudgha.
  1978 | D:3      | HP: 1/27 [gnoll/spear (8)]
  1978 | D:3      | Mangled by a worm

Skill      XL: |  1  2  3 |
---------------+----------+-----
Fighting       | 1 2 |  2.0
Short Blades   | 2 |  2.4
Dodging        | |  2.9
Stealth        | |  4.4
Spellcasting   | |  2.0
Hexes          | |  4.4

Action                   || total
-------------------------++-------
Melee: Dagger            ||   198
       Bite              ||    18
 Cast: Ensorcelled Hiber ||    10
 Stab: Sleeping          ||    11
  Eat: Corpse            ||     4
Armor: Robe              ||    36
Dodge: Dodged            ||   126
